 Dungeon Crawl Stone Soup version 0.19.1 (webtiles) character file.

109 JeffiDaFish the Shield-Bearer (level 4, -4/29 HPs)
             Began as a Gargoyle Fighter on Nov 26, 2016.
             Killed from afar by Natasha (9 damage)
             ... with a magic dart
             ... on level 2 of the Dungeon.
             The game lasted 00:02:50 (1321 turns).

JeffiDaFish the Shield-Bearer (Gargoyle Fighter)    Turns: 1321, Time: 00:02:51

Health: -4/29      AC: 10    Str: 25      XL:     4   Next: 90%
Magic:  4/4        EV:  8    Int:  5 (8)  God:
Gold:   33         SH: 10    Dex:  9 (10) Spells: 0 memorised, 3 levels left

rFire  . . .     SeeInvis .     a - +0 flail
rCold  . . .     Gourm    .     b - +0 scale mail
rNeg   + . .     Faith    .     c - +0 shield
rPois  ∞         Spirit   .     (no helmet)
rElec  +         Reflect  .     (no cloak)
rCorr  .         Harm     .     (no gloves)
MR     .....                    (no boots)
Stlth  ..........               (no amulet)
                                (no ring)
                                (no ring)

@: mighty, slowed, very slow
A: negative energy resistance 1, electricity resistance, unbreathing,
petrification resistance, rot immunity, AC +3
a: no special abilities


You were on level 2 of the Dungeon.
You were hungry.

You visited 1 branch of the dungeon, and saw 2 of its levels.

You collected 33 gold pieces.

Inventory:

Hand Weapons
 a - a +0 flail (weapon)
Armour
 b - a +0 scale mail (worn)
 c - a +0 shield (worn)
Scrolls
 e - 3 scrolls of identify
Comestibles
 f - 2 bread rations
 g - 3 fruits
 h - 2 meat rations
 i - 9 chunks of flesh


   Skills:
 + Level 4.0 Fighting
 + Level 3.0 Maces & Flails
 + Level 4.0 Armour
 + Level 0.4 Dodging
 + Level 4.1 Shields


You had 3 spell levels left.
You didn't know any spells.

Dungeon Overview and Level Annotations

Branches:
Dungeon (2/15)

Altars:

Annotations:
D:2 Natasha


Innate Abilities, Weirdness & Mutations

You are resistant to torment.
Your stone body is resilient. (AC +3)
You are immune to poison.
You resist negative energy. (rN+)
You are resistant to electric shocks. (rElec)
You can survive without breathing.
You are immune to petrification.
You are immune to rotting.


Message History

Natasha is moderately wounded.
You block Natasha's attack.
Natasha stares at you and mumbles some strange words.
You resist with some effort.
You miss Natasha.
Natasha is moderately wounded.
You block Natasha's attack. Natasha claws you.
* * * LOW HITPOINT WARNING * * *
Your shield and scale mail prevent you from hitting Natasha.
Natasha is moderately wounded.
Natasha claws you.
* * * LOW HITPOINT WARNING * * *
Natasha howls an incantation.
You feel disoriented. Natasha barely misses you.
You closely miss Natasha.
Natasha is moderately wounded.
Natasha casts a spell at you. The magic dart hits you!
You die...

#############
#...........#
#.....#####.# ####...#
#†# #####....#.#####@#
................h.......
#####......###.........#
...........# #.8.....8..
#####.#.#..# #..........
........#..# #..........
........#..# #..........
#....)#.#^## ......>....
#...#.#....


You could see Natasha.

Vanquished Creatures
  A scorpion (D:1)
  Natasha (D:2)
  An adder (D:2)
  A dart slug (D:1)
  3 bats (D:1)
  A giant cockroach (D:1)
  2 goblins
  3 hobgoblins
  8 kobolds
  A ball python (D:2)
  3 frilled lizards (D:1)
  6 rats
31 creatures vanquished.

Notes
Turn   | Place    | Note
-------+----------+-------------------------------------------
     0 | D:1      | JeffiDaFish the Gargoyle Fighter began the quest for the Orb.
     0 | D:1      | Reached XP level 1. HP: 14/14 MP: 1/1
   418 | D:1      | Reached XP level 2. HP: 19/19 MP: 2/2
  1029 | D:1      | Noticed a scorpion
  1044 | D:1      | Killed a scorpion
  1044 | D:1      | Reached XP level 3. HP: 13/24 MP: 3/3
  1044 | D:1      | Reached XP level 4. HP: 16/29 MP: 4/4
  1284 | D:2      | Noticed Natasha
  1308 | D:2      | Killed Natasha
  1312 | D:2      | Noticed Natasha
  1321 | D:2      | Killed from afar by Natasha

Skill      XL: |  1  2  3  4 |
---------------+-------------+-----
Armour         | 4 |  4.0
Shields        | 4 |  4.1
Fighting       | 4 |  4.0
Maces & Flails | 3 |  3.0
Dodging        | |  0.4

Action                   |  1- 3 |  4- 6 || total
-------------------------+-------+-------++-------
Melee: Flail             |    94 |    39 ||   133
  Use: Scroll            |     4 |       ||     4
       Potion            |     2 |     1 ||     3
  Eat: Chunk             |     1 |       ||     1
Armor: Scale mail        |    36 |    11 ||    47
Dodge: Dodged            |    24 |    16 ||    40
Block: Shield            |    45 |    19 ||    64
